 Dungeon Crawl Stone Soup version 0.19-a0-1200-g056e253 (webtiles) character file.

48709 MackTheKnife the Martial Artist (level 14, -7/122 HPs)
             Began as a White Draconian Monk on Aug 20, 2016.
             Was a Follower of Uskayaw.
             Mangled by a seven-headed hydra (8 damage)
             ... on level 5 of the Lair of Beasts.
             The game lasted 00:52:08 (19543 turns).

MackTheKnife the Martial Artist (DrMo)             Turns: 19543, Time: 00:52:09

Health: -7/122     AC: 14    Str: 15    XL:     14   Next: 13%
Magic:  26/26      EV: 20    Int: 10    God:    Uskayaw [*.....]
Gold:   1675       SH:  0    Dex: 18    Spells: 2 memorised, 23 levels left

rFire  . . .     SeeInvis .       - Unarmed
rCold  + . .     Gourm    .     (armour unavailable)
rNeg   . . .     Faith    .     (no shield)
rPois  +         Spirit   .     (helmet restricted)
rElec  .         Dismiss  .     f - +1 cloak
rCorr  .         Reflect  .     c - +2 pair of gloves
MR     ++...     Harm     .     y - +0 pair of boots
Stlth  ++........               (no amulet)
                                q - ring of protection from magic {MR+, !d}
                                e - ring of poison resistance {rPois, !d}

@: about to teleport, short of breath
A: breathe frost, unfitting armour, cold resistance 1, cold-blooded, AC +8
a: Breathe Frost, Stomp, Renounce Religion


You were on level 5 of the Lair of Beasts.
You worshipped Uskayaw.
Uskayaw was noncommittal.
You were not hungry.

You visited 4 branches of the dungeon, and saw 18 of its levels.
You also visited: Ice Cave and Volcano.

You collected 1675 gold pieces.

Inventory:

Hand Weapons
 l - a +2 hunting sling of freezing
   (You took it off Joseph on level 1 of the Lair of Beasts)
 N - the +5 scimitar of Wrongful Imprisonment {elec, rF+ rN+ MR++ Dex-5}
   (You found it on level 1 of the Lair of Beasts)

   Occasionally, upon striking a foe, it will discharge some electrical energy
   and cause terrible harm.
   It affects your dexterity (-5).
   It protects you from fire.
   It protects you from negative energy.
   It affects your resistance to hostile enchantments.
Missiles
 P - a throwing net {=f, !d}
Armour
 c - a +2 pair of gloves (worn)
   (You found it on level 1 of the Dungeon)
 f - a +1 cloak (worn)
   (You took it off Maurice on level 9 of the Dungeon)
 y - a +0 pair of boots (worn)
   (You found it on level 5 of the Dungeon)
Jewellery
 e - a ring of poison resistance (left hand) {rPois, !d}
   (You found it on level 9 of the Dungeon)
 j - an uncursed ring of teleportation {+/*tele, !d}
   (You found it on level 2 of the Dungeon)
 q - a ring of protection from magic (right hand) {MR+, !d}
   (You found it in an ice cave)
 x - an uncursed ring of protection from cold {rC+, !d}
   (You found it in an ice cave)
 z - a +3 ring of intelligence
   (You found it on level 1 of the Lair of Beasts)
 J - an uncursed ring of resist corrosion
   (You found it on level 6 of the Lair of Beasts)
Wands
 k - a wand of disintegration (4/24)
   (You found it on level 2 of the Dungeon)
 o - a wand of iceblast (6/15)
   (You found it on level 5 of the Lair of Beasts)
 p - a wand of flame (11/48)
   (You found it on level 4 of the Dungeon)
 u - a wand of lightning (0/15)
   (You found it on level 4 of the Lair of Beasts)
 C - a wand of teleportation (1/9)
   (You found it on level 5 of the Dungeon)
 D - a wand of digging (7/24)
   (You found it on level 1 of the Lair of Beasts)
 I - a wand of iceblast (0/15)
   (You found it on level 8 of the Dungeon)
Scrolls
 d - 10 scrolls of remove curse
 s - a scroll of fog
 w - 2 scrolls of amnesia
 A - a scroll of magic mapping {!r}
 G - 2 scrolls of enchant armour
 H - a scroll of identify
Potions
 g - 2 potions of magic
 h - a potion of cancellation
 i - 2 potions of heal wounds
 m - 2 potions of flight
 n - a potion of resistance
 t - 6 potions of curing
 v - 4 potions of lignification {!q}
 F - a potion of haste
Miscellaneous
 O - a phial of floods (inert)
   (You found it on level 2 of the Lair of Beasts)
Comestibles
 a - 9 bread rations {@e1}
 b - 9 fruits
 r - 13 meat rations {@e2}
 B - 3 beef jerkies
 E - 10 slices of pizza


   Skills:
 + Level 10.7 Fighting
 - Level 10.6 Dodging
 - Level 1.7 Stealth
 - Level 13.0 Unarmed Combat
 - Level 8.3 Spellcasting
 - Level 10.5 Transmutations
 + Level 3.5 Invocations


You had 23 spell levels left.
You knew the following spells:

 Your Spells              Type           Power        Failure   Level  Hunger
a - Beastly Appendage     Tmut           ####..       1%          1    None
x - Blade Hands           Tmut           ####......   8%          5    ######.


Dungeon Overview and Level Annotations

Branches:
Dungeon (10/15)            Temple (1/1) D:7            Lair (6/6) D:9
 Shoals (0/4) Lair:3       Spider (0/4) Lair:3        Slime (0/5) Lair:5
    Orc (1/2) D:10

Altars:
Ashenzari
Cheibriados
Dithmenos
Elyvilon
Fedhas
Gozag
Hepliaklqana
Kikubaaqudgha
Makhleb
Nemelex Xobeh
Okawaru
Qazlal
Ru
Sif Muna
Trog
Uskayaw
Vehumet
Xom
Yredelemnul
Zin
The Shining One


Innate Abilities, Weirdness & Mutations

You can breathe waves of freezing cold.
You can buffet flying creatures when you breathe cold.
Your icy white scales are hard. (AC +8)
Your body does not fit into most forms of armour.
Your flesh is cold resistant. (rC+)
You are cold-blooded and may be slowed by cold attacks.


Message History

The river rat bites you but does no damage.
You slice the river rat!!
You kill the river rat!
Your transformation is almost over.
The river rat misses you.
You slice the river rat!!
You kill the river rat!
You start resting.
Eating one of 2 chunks of flesh {@w0}.
You start eating one of the 2 chunks of flesh {@w0}.
You continue eating.
Your hands revert to their normal proportions.
Your +2 pair of gloves unmelds from your body.
You continue eating.
You can no longer merge with and destroy a victim.
You finish eating.
You regained 2 hp, and now have 62/122 hp.
You start resting.
All of the chunks of flesh in your inventory have rotted away.
Uskayaw will no longer force your foes to share their pain.
A seven-headed hydra comes into view.
MP restored: 26 A seven-headed hydra is nearby!
Uskayaw will no longer force your foes to helplessly watch your dance.
You can no longer pass through a line of other dancers.
There is a stone staircase leading up here.
You climb upwards.
There is a stone staircase leading down here.
You start resting.
You feel yourself speed up.
Unknown command.
You regained 5 hp, and now have 73/122 hp.
You start resting.
Health restored: 122 Unknown command.
You climb downwards.
The seven-headed hydra bites you but does no damage.
The seven-headed hydra bites you.
The seven-headed hydra closely misses you.
The seven-headed hydra bites you but does no damage.
The seven-headed hydra misses you.
The seven-headed hydra closely misses you.
The seven-headed hydra bites you!
The seven-headed hydra completely misses you.
The seven-headed hydra closely misses you.
The seven-headed hydra bites you but does no damage.
The seven-headed hydra misses you.
The seven-headed hydra barely misses you.
The seven-headed hydra completely misses you.
The seven-headed hydra bites you.
There is a stone staircase leading up here.
You take 24 damage, and have 98/122 hp.
Unknown command.
Aim: a seven-headed hydra You exhale a wave of freezing cold.
The freezing breath hits the seven-headed hydra.
You feel somewhat more hungry.
The seven-headed hydra closely misses you.
The seven-headed hydra bites you but does no damage.
The seven-headed hydra bites you!
The seven-headed hydra bites you but does no damage.
The seven-headed hydra bites you.
The seven-headed hydra barely misses you. x2
You take 13 damage, and have 85/122 hp.
Unknown command.
You punch the seven-headed hydra!
The seven-headed hydra barely misses you.
The seven-headed hydra bites you!
The seven-headed hydra bites you but does no damage.
The seven-headed hydra completely misses you.
The seven-headed hydra bites you!
The seven-headed hydra closely misses you.
The seven-headed hydra misses you.
You take 30 damage, and have 55/122 hp.
MASSIVE DAMAGE!!
The seven-headed hydra bites you.
The seven-headed hydra bites you but does no damage.
The seven-headed hydra closely misses you.
The seven-headed hydra barely misses you.
The seven-headed hydra closely misses you.
The seven-headed hydra bites you! The seven-headed hydra bites you.
You climb upwards.
There is a stone staircase leading down here.
You take 14 damage, and have 41/122 hp.
Unknown command.
The seven-headed hydra barely misses you.
The seven-headed hydra bites you.
* * * LOW HITPOINT WARNING * * *
The seven-headed hydra bites you but does no damage. x2
The seven-headed hydra misses you. The seven-headed hydra bites you.
* * * LOW HITPOINT WARNING * * *
The seven-headed hydra barely misses you.
You take 11 damage, and have 30/122 hp.
Unknown command.
You feel strangely unstable.
This wand has 1 charge left.
The seven-headed hydra bites you!
* * * LOW HITPOINT WARNING * * *
The seven-headed hydra misses you. x2; The seven-headed hydra bites you!
* * * LOW HITPOINT WARNING * * *
The seven-headed hydra bites you!
You die...

#........(.##............
#..........##............
#..........###.......P.#.
###..........###......P##.#
#.#...>......#..#..#..#####
##.#........#####P#.###
#.#.......#.# #####
####....#D#.####
##...##@.##P###
#######......##
###........#
#####..........#
##.##...........###
#.#.............#.#
#................##
#P...............###
#..................####


You could see a seven-headed hydra.

Vanquished Creatures
  Rupert (Lair:4)
  The ghost of Kugarra the Thaumaturge, a journeyman DECj of Vehumet (Lair:6)
  2 hydras
  A catoblepas (Lair:5)
  2 ice dragons (IceCv)
  A sun demon (Volcano)
  Nergalle (Lair:1)
  A hill giant (D:10)
  A lindwurm (Lair:3)
  A griffon (Lair:6)
  Maurice (D:9)
  2 black mambas
  5 elephants (Lair:5)
  Joseph (Lair:1)
  An eye of devastation (Lair:5)
  4 spiny frogs
  2 rime drakes (IceCv)
  A torpor snail (Lair:5)
  2 ice statues (IceCv)
  A komodo dragon (D:10)
  A troll (D:10)
  A polar bear (Lair:5)
  2 boulder beetles
  Grinder (D:4)
  Prince Ribbit (D:7)
  9 blink frogs
  4 basilisks
  A hungry ghost (D:10)
  A fire bat (Volcano)
  20 yaks
  7 hippogriffs
  Menkaure (D:4)
  11 water moccasins
  2 hell hounds (Volcano)
  3 orc warriors
  9 porcupines
  14 ice beasts (IceCv)
  A necrophage (D:10)
  4 black bears
  2 phantoms (D:9)
  3 eyes of draining
  7 wolves (Lair:5)
  A wasp (Lair:3)
  5 centaurs
  5 ogres
  14 crocodiles
  9 giant frogs
  A gnoll sergeant (D:8)
  Blork the orc (D:4)
  2 scorpions
  2 wyvern skeletons
  7 killer bees
  A howler monkey (D:9)
  2 electric eels (Lair:1)
  5 crimson imps
  A wasp zombie (D:6)
  A quasit (D:5)
  7 lava snakes (Volcano)
  A giant frog zombie (D:9)
  A jelly (D:8)
  3 orc priests
  8 hounds
  5 orc wizards
  A giant frog skeleton (D:7)
  6 iguanas
  Ijyb (D:2)
  Natasha (thrice) (D:3)
  8 worker ants
  Terence (D:2)
  32 sheep
  2 hound skeletons
  A howler monkey zombie (D:10)
  11 gnolls
  9 adders
  44 river rats
  A shadow imp (D:5)
  3 oozes
  An adder skeleton (D:8)
  4 worms
  A dart slug (D:2)
  2 giant geckos
  26 orcs
  8 giant cockroaches
  6 goblins
  8 hobgoblins
  11 jackals
  10 kobolds
  5 quokkas
  A ball python (D:5)
  13 bats
  4 giant newts
  A goblin skeleton (D:5)
  2 hobgoblin zombies (D:5)
  A jackal skeleton (D:4)
  3 kobold skeletons (D:5)
  A kobold zombie (D:5)
  An orc zombie (D:5)
  A quokka skeleton (D:8)
  6 rats
458 creatures vanquished.

Vanquished Creatures (collateral kills)
  2 blink frogs (Lair:4)
  2 river rats (Lair:4)
  An orc (D:10)
5 creatures vanquished.

Vanquished Creatures (others)
  A killer bee (D:10)
  An orc wizard (D:8)
  3 fungi
  A plant (Lair:5)
6 creatures vanquished.

Grand Total: 469 creatures vanquished

Notes
Turn   | Place    | Note
-------+----------+-------------------------------------------
     0 | D:1      | MackTheKnife the Draconian Monk began the quest for the Orb.
     0 | D:1      | Reached XP level 1. HP: 19/19 MP: 1/1
   236 | D:1      | Reached XP level 2. HP: 24/26 MP: 2/2
   403 | D:1      | Reached skill level 4 in Unarmed Combat
   722 | D:2      | Reached XP level 3. HP: 27/31 MP: 3/3
   789 | D:2      | Noticed Terence
   798 | D:2      | Killed Terence
   964 | D:2      | Noticed Ijyb
   988 | D:2      | Killed Ijyb
   988 | D:2      | Reached skill level 5 in Unarmed Combat
   988 | D:2      | Reached XP level 4. HP: 34/38 MP: 4/4
  1584 | D:3      | Noticed Natasha
  1598 | D:3      | Killed Natasha
  1598 | D:3      | Reached XP level 5. HP: 26/45 MP: 5/5
  1620 | D:3      | Noticed Natasha
  1631 | D:3      | Killed Natasha
  1631 | D:3      | Reached skill level 6 in Unarmed Combat
  1946 | D:3      | Noticed Natasha
  2000 | D:3      | Killed Natasha
  2000 | D:3      | Reached XP level 6. HP: 34/51 MP: 6/6
  2281 | D:4      | Reached skill level 7 in Unarmed Combat
  2283 | D:4      | Noticed Grinder
  2414 | D:4      | Killed Grinder
  2493 | D:4      | Noticed Menkaure
  2495 | D:4      | Killed Menkaure
  2495 | D:4      | Reached skill level 4 in Fighting
  2495 | D:4      | Reached skill level 8 in Unarmed Combat
  2495 | D:4      | Your scales start taking on an icy white colour.
  2495 | D:4      | Reached XP level 7. HP: 54/59 MP: 7/7
  2495 | D:4      | Gained mutation: Your flesh is cold resistant. (rC+) [White Draconian growth]
  2584 | D:4      | Noticed Blork the orc
  2618 | D:4      | Killed Blork the orc
  2819 | D:4      | Reached skill level 5 in Fighting
  3143 | D:5      | Entered Level 5 of the Dungeon
  3457 | D:5      | Found a glowing golden altar of the Shining One.
  3630 | D:5      | Reached XP level 8. HP: 69/69 MP: 8/8
  3860 | D:5      | Reached skill level 9 in Unarmed Combat
  3932 | D:5      | HP: 10/70 [orc warrior/long sword (12)]
  3933 | D:5      | Reached skill level 6 in Fighting
  4926 | D:7      | Reached skill level 7 in Fighting
  5222 | D:7      | Reached skill level 10 in Unarmed Combat
  5351 | D:7      | Noticed Prince Ribbit
  5358 | D:7      | Killed Prince Ribbit
  5439 | D:7      | Reached XP level 9. HP: 68/81 MP: 9/9
  5537 | D:7      | Reached skill level 8 in Fighting
  5605 | D:7      | Found a staircase to the Ecumenical Temple.
  5614 | Temple   | Entered the Ecumenical Temple
  5649 | Temple   | Became a worshipper of Uskayaw the Reveler
  5649 | Temple   | Reached * piety under Uskayaw
  5802 | D:7      | Reached ** piety under Uskayaw
  5807 | D:7      | Reached *** piety under Uskayaw
  5813 | D:7      | Reached **** piety under Uskayaw
  6204 | D:8      | Reached skill level 3 in Dodging
  6218 | D:8      | Reached ***** piety under Uskayaw
  6233 | D:8      | Reached ****** piety under Uskayaw
  6576 | D:8      | Reached skill level 4 in Dodging
  6610 | D:8      | Reached skill level 11 in Unarmed Combat
  7365 | D:9      | Reached skill level 5 in Dodging
  7640 | D:9      | Noticed Maurice
  7661 | D:9      | Killed Maurice
  7772 | D:9      | Reached XP level 10. HP: 37/90 MP: 10/10
  8021 | D:9      | Found a staircase to the Lair.
  8089 | D:9      | Learned a level 1 spell: Beastly Appendage
  8336 | D:9      | Reached skill level 6 in Dodging
  8508 | D:9      | Learned a level 5 spell: Blade Hands
  8534 | D:10     | Entered Level 10 of the Dungeon
  8558 | D:10     | Noticed Urug
  8791 | D:10     | Noticed a hill giant
  8803 | D:10     | Killed a hill giant
  8803 | D:10     | Reached skill level 12 in Unarmed Combat
  9212 | D:10     | Found a staircase to the Orcish Mines.
  9220 | D:10     | Noticed Urug
  9220 | D:10     | Urug changed into Urug the komodo dragon
  9231 | D:10     | Killed Urug the komodo dragon
  9231 | D:10     | Reached skill level 7 in Dodging
  9541 | D:10     | Reached skill level 9 in Fighting
  9695 | Orc:1    | Entered Level 1 of the Orcish Mines
  9948 | Lair:1   | Entered Level 1 of the Lair of Beasts
 10010 | Lair:1   | Noticed Nergalle
 10078 | Lair:1   | Noticed Joseph
 10103 | Lair:1   | Noticed a black mamba
 10103 | Lair:1   | Killed Joseph
 10114 | Lair:1   | Killed a black mamba
 10615 | Lair:1   | Killed Nergalle
 10615 | Lair:1   | Reached XP level 11. HP: 96/96 MP: 11/11
 10638 | Lair:1   | Reached skill level 8 in Dodging
 10999 | Lair:1   | Reached skill level 13 in Unarmed Combat
 11178 | Lair:1   | Got a bloodstained scimitar
 11180 | Lair:1   | Identified the +5 scimitar of Wrongful Imprisonment {elec, rF+ rN+ MR++ Dex-5} (You found it on level 1 of the Lair of Beasts)
 11320 | Lair:1   | Reached skill level 10 in Fighting
 11769 | Lair:2   | Reached skill level 9 in Dodging
 12456 | Lair:3   | Found an iron altar of Okawaru.
 12618 | Lair:3   | Found a dark tunnel.
 12618 | Lair:3   | Noticed a lindwurm
 12629 | Lair:3   | Killed a lindwurm
 12629 | Lair:3   | Reached skill level 10 in Dodging
 12765 | Volcano  | Entered a volcano
 12916 | Volcano  | Noticed a sun demon
 12939 | Volcano  | Killed a sun demon
 12978 | Volcano  | Found a radiant altar of Vehumet.
 13083 | Lair:3   | Found a hole to the Spider Nest.
 13248 | Lair:3   | Reached skill level 1 in Transmutations
 13255 | Lair:3   | Found a staircase to the Shoals.
 13426 | Lair:3   | Reached skill level 1 in Spellcasting
 13519 | Lair:3   | Reached skill level 2 in Transmutations
 13533 | Lair:3   | Reached skill level 2 in Spellcasting
 13635 | Lair:3   | Reached skill level 3 in Transmutations
 13635 | Lair:3   | Reached XP level 12. HP: 106/106 MP: 15/15
 14059 | Lair:4   | Reached skill level 3 in Spellcasting
 14089 | Lair:4   | Noticed Rupert
 14104 | Lair:4   | Paralysed by Rupert for 2 turns
 14108 | Lair:4   | Killed Rupert
 14108 | Lair:4   | Reached skill level 4 in Spellcasting
 14108 | Lair:4   | Reached skill level 5 in Transmutations
 14153 | Lair:4   | Found a frozen archway.
 14162 | IceCv    | Entered an ice cave
 14405 | IceCv    | Reached skill level 5 in Spellcasting
 14652 | IceCv    | Reached skill level 6 in Transmutations
 14706 | IceCv    | Noticed an ice dragon
 14707 | IceCv    | Noticed an ice dragon
 14736 | IceCv    | Killed an ice dragon
 14750 | IceCv    | Reached skill level 7 in Spellcasting
 14750 | IceCv    | Reached skill level 8 in Transmutations
 14750 | IceCv    | Reached XP level 13. HP: 98/113 MP: 20/24
 14779 | IceCv    | HP: 25/113 [ice dragon (8)]
 15251 | Lair:4   | HP: 23/113 [boulder beetle (37)]
 16543 | Lair:5   | Reached skill level 9 in Transmutations
 16825 | Lair:5   | Reached skill level 10 in Transmutations
 17020 | Lair:5   | Found a staircase to the Slime Pits.
 17033 | Lair:5   | HP: 9/113 [disintegration (21)]
 17544 | Lair:5   | HP: 27/113 [seven-headed hydra (2)]
 17621 | Lair:5   | Reached skill level 8 in Spellcasting
 18670 | Lair:6   | Entered Level 6 of the Lair of Beasts
 18738 | Lair:6   | Reached XP level 14. HP: 101/121 MP: 21/26
 18740 | Lair:6   | Reached skill level 1 in Invocations
 18801 | Lair:6   | Reached skill level 2 in Invocations
 19302 | Lair:6   | Noticed Kugarra's ghost (journeyman DECj)
 19313 | Lair:6   | Killed Kugarra's ghost
 19313 | Lair:6   | Reached skill level 3 in Invocations
 19539 | Lair:5   | HP: 30/122 [seven-headed hydra (6)]
 19543 | Lair:5   | HP: 1/122 [seven-headed hydra (17)]
 19543 | Lair:5   | Mangled by a seven-headed hydra

Vault maps used:
D:1:      eino_arrival_cavern_e, minmay_misc_feat_room
D:2:      first_bread, corexii_shack, uniq_iyjb, uniq_terence
D:3:      uniq_natasha
D:4:      uniq_blork_the_orc, uniq_menkaure, uniq_grinder
D:5:      hangedman_decor_riveting, hangedman_decor_points, dk_noncrumbling_2,
          nicolae_tso_besieged_by_evil
D:6:      kennysheep_nondescript
D:7:      uniq_prince_ribbit1
D:9:      lair_0_dummy, grunt_pizzeria, kennysheep_generic_room_5, uniq_maurice
D:10:     orc_0_dummy, uniq_urug
Temple:   minmay_crystal_snake_temple
Lair:1:   roderic_batcave, minmay_hedge_maze, disabler_island,
          lemuel_fruit_tree, uniq_joseph, uniq_nergalle
Lair:2:   st_stairs_7
Lair:3:   elwin_shoals_entry_rocks, nicolae_spider_entry_non_spiders,
          nicolae_volcano_entry_vermiform, basic_altar
Lair:4:   portal_ice_cave_entry_pillars_1, uniq_rupert
Lair:5:   minmay_slime_entry_eyes
Lair:6:   evilmike_catoblepas_cave, uniq_josephine
Orc:1:    basic_altar, serial_shops, shop, shop
IceCv:    ice_cave_small_dragons
Volcano:  volcano_grotto

Skill      XL: |  1  2  3  4  5  6  7  8  9 10 11 12 13 14 |
---------------+-------------------------------------------+-----
Unarmed Combat | 4 5 6 8 10 11 12 13 | 13.0
Fighting       | 4 5 7 8 9 10 | 10.7
Dodging        | 5 7 10 | 10.6
Transmutations | 3 8 10 | 10.5
Spellcasting   | 2 7 8 |  8.3
Invocations    | 3 |  3.5
Stealth        | |  1.7

Action                   |  1- 3 |  4- 6 |  7- 9 | 10-12 | 13-15 || total
-------------------------+-------+-------+-------+-------+-------++-------
Melee: Unarmed           |   116 |   175 |   392 |   779 |   375 ||  1837
       Tailslap          |    13 |    19 |    62 |   130 |    67 ||   291
       Punch             |     4 |     5 |    15 |    60 |    25 ||   109
 Cast: Blade Hands       |       |       |       |       |    14 ||    14
Invok: Stomp             |       |       |     1 |     3 |       ||     4
       Line Pass         |       |       |       |     3 |     1 ||     4
 Abil: Breathe Frost     |       |       |    20 |    16 |     7 ||    43
Evoke: Wand              |     3 |     1 |    11 |    28 |    12 ||    55
       Phial of floods   |       |       |       |     1 |     1 ||     2
  Use: Scroll            |     2 |     7 |     9 |     6 |     5 ||    29
       Potion            |       |     1 |       |     9 |     5 ||    15
 Stab: Sleeping          |     2 |       |     8 |     2 |     5 ||    17
       Paralysed         |       |       |     6 |    33 |    17 ||    56
       Distracted        |       |       |       |     2 |       ||     2
       Confused          |       |       |       |     1 |       ||     1
       Invisible         |       |       |       |     5 |       ||     5
  Eat: Chunk             |       |     6 |    20 |    21 |    22 ||    69
       Royal jelly       |       |       |       |     1 |       ||     1
       Pizza             |       |       |       |     1 |       ||     1
       Beef jerky        |       |       |       |     3 |       ||     3
       Fruit             |       |       |       |     1 |     1 ||     2
Armor: Skin              |    27 |    42 |   154 |   180 |   103 ||   506
Dodge: Dodged            |    59 |    74 |   271 |   581 |   364 ||  1349

Vault maps used:
D:1:      eino_arrival_cavern_e, minmay_misc_feat_room
D:2:      first_bread, corexii_shack, uniq_iyjb, uniq_terence
D:3:      uniq_natasha
D:4:      uniq_blork_the_orc, uniq_menkaure, uniq_grinder
D:5:      hangedman_decor_riveting, hangedman_decor_points, dk_noncrumbling_2,
          nicolae_tso_besieged_by_evil
D:6:      kennysheep_nondescript
D:7:      uniq_prince_ribbit1
D:9:      lair_0_dummy, grunt_pizzeria, kennysheep_generic_room_5, uniq_maurice
D:10:     orc_0_dummy, uniq_urug
Temple:   minmay_crystal_snake_temple
Lair:1:   roderic_batcave, minmay_hedge_maze, disabler_island,
          lemuel_fruit_tree, uniq_joseph, uniq_nergalle
Lair:2:   st_stairs_7
Lair:3:   elwin_shoals_entry_rocks, nicolae_spider_entry_non_spiders,
          nicolae_volcano_entry_vermiform, basic_altar
Lair:4:   portal_ice_cave_entry_pillars_1, uniq_rupert
Lair:5:   minmay_slime_entry_eyes
Lair:6:   evilmike_catoblepas_cave, uniq_josephine
Orc:1:    basic_altar, serial_shops, shop, shop
IceCv:    ice_cave_small_dragons
Volcano:  volcano_grotto

Table legend:
 A = Turns spent in this place as a percentage of turns spent in the entire game.
 B = Non-inter-level travel turns spent in this place as a percentage of non-inter-level travel turns spent in the entire game.
 C = Inter-level travel turns spent in this place as a percentage of turns spent in this place.
 D = Turns resting spent in this place as a percentage of non-inter-level travel turns spent in this place.
 E = Turns spent auto-exploring this place as a percentage of non-inter-level travel turns spent in this place.
 F = Non-inter-level travel turns spent in this place divided by the number of levels of this place that you've seen.
                   A       B       C       D       E      F
               +-------+-------+-------+-------+-------+----------------------
         Total | 100.0 | 100.0 |   0.4 |   3.3 |   5.5 | 322.9
       Dungeon |  47.4 |  47.3 |   0.6 |   3.2 |   7.5 | 305.7
        Temple |   0.7 |   0.7 |   2.3 |   0.0 |  52.4 |  42.0
          Lair |  41.9 |  42.0 |   0.3 |   3.8 |   3.6 | 451.8
  Orcish Mines |   0.3 |   0.3 |   0.0 |   0.0 |   0.0 |  17.0
      Ice Cave |   5.7 |   5.7 |   0.0 |   1.9 |   1.9 | 370.0
       Volcano |   4.0 |   4.0 |   0.0 |   2.7 |   0.0 | 261.0
               +-------+-------+-------+-------+-------+----------------------

Table legend:
 A = Kills in this place as a percentage of kills in entire the game.
 B = Kills by you in this place as a percentage of kills by you in the entire game.
 C = Kills by friends in this place as a percentage of kills by friends in the entire game.
 D = Other kills in this place as a percentage of other kills in the entire game.
 E = Experience gained in this place as a percentage of experience gained in the entire game.
 F = Experience gained in this place divided by the number of levels of this place that you have seen.
                   A       B       C       D       E      F
               +-------+-------+-------+-------+-------+----------------------
         Total | 100.0 | 100.0 | 100.0 | 100.0 | 100.0 | 2389.7
       Dungeon |  46.8 |  46.9 |  20.0 | 100.0 |  19.1 | 911.5
          Lair |  45.7 |  45.4 |  80.0 |   0.0 |  66.2 | 5275.3
  Orcish Mines |   0.6 |   0.7 |   0.0 |   0.0 |   0.0 |  21.0
      Ice Cave |   4.3 |   4.4 |   0.0 |   0.0 |  11.1 | 5302.0
       Volcano |   2.6 |   2.6 |   0.0 |   0.0 |   3.6 | 1704.0
               +-------+-------+-------+-------+-------+----------------------
